 Dungeon Crawl Stone Soup version 0.30-a0-726-gd89dcf765f (webtiles) character file.

Game seed: 10311346007314401278

73215 avis the Spry (level 14, 0/124 HPs)
             Began as a Demigod Hunter on Jan 29, 2023.
             Slain by a tentacle (18 damage)
             ... attached to a kraken
             ... on level 1 of the Shoals on Jan 30, 2023.
             The game lasted 02:31:55 (22234 turns).

avis the Spry (Demigod Hunter)                     Turns: 22234, Time: 02:31:56

Health: 0/124      AC: 14    Str: 12    XL:     14   Next: 61%
Magic:  31/31      EV: 34    Int: 11    God:
Gold:   188        SH:  0    Dex: 36    Spells: 15/19 levels left

rFire   . . .      SeeInvis .    a - +10 sling "Gustil" {flame, rElec rPois}
rCold   . . .      Faith    .    (no shield)
rNeg    . . .      Spirit   .    T - +2 steam dragon scales
rPois   +          Reflect  .    m - +0 helmet
rElec   +          Harm     .    y - +0 cloak
rCorr   .          Rampage  .    (no gloves)
Will    ++...                    C - +0 pair of boots
Stlth   ++                       R - amulet of the acrobat
HPRegen 0.40/turn                u - ring "Ijeakh" {Will+ MP+9 Dex+3 Slay+2}
MPRegen 0.22/turn                v - +4 ring of protection

@: very slow
A: high MP 1, forlorn, divine attributes
a: no special abilities


You were on level 1 of the Shoals.
You visited 5 branches of the dungeon, and saw 20 of its levels.

You collected 1235 gold pieces.
You spent 1047 gold pieces at shops.

Inventory:

Hand Weapons
 a - the +10 sling "Gustil" (weapon) {flame, rElec rPois}
   (You bought it in a shop on level 6 of the Dungeon)

   rElec:     It insulates you from electricity.
   rPois:     It protects you from poison.
 b - the +2 rapier of Brawling {freeze, Dex+4}
   (You found it on level 2 of the Lair of Beasts)

   Dex:       It affects your dexterity (+4).
 f - a +1 demon trident of draining
Missiles
 q - 3 throwing nets
Armour
 m - a +0 helmet (worn)
 y - a +0 cloak (worn)
 C - a +0 pair of boots (worn)
 T - +2 steam dragon scales (worn)
Jewellery
 h - a ring of protection from fire
 u - the ring "Ijeakh" (left hand) {Will+ MP+9 Dex+3 Slay+2}
   (You bought it in a shop on level 8 of the Dungeon)

   [ring of magical power]

   Dex:       It affects your dexterity (+3).
   Slay:      It affects your accuracy & damage with ranged weapons and melee
   (+2).
   MP:        It affects your magic capacity (+9).
   Will:      It increases your willpower.
 v - a +4 ring of protection (right hand)
 R - an amulet of the acrobat (around neck)
Wands
 c - a wand of charming (3)
 p - a wand of flame (93)
 I - a wand of light (16)
 J - a wand of mindburst (5)
 K - a wand of digging (9)
 M - a wand of iceblast (18)
 Q - a wand of polymorph (19)
Scrolls
 e - 2 scrolls of amnesia {unknown}
 g - 5 scrolls of immolation
 j - 2 scrolls of poison {unknown}
 r - 5 scrolls of magic mapping {unknown}
 s - 2 scrolls of noise {unknown}
 t - 4 scrolls of enchant weapon {unknown}
 A - 9 scrolls of teleportation {unknown}
 B - a scroll of torment {unknown}
 D - 6 scrolls of blinking {unknown}
 F - 5 scrolls of vulnerability {unknown}
 G - a scroll of silence {unknown}
 L - a scroll of acquirement {unknown}
 N - 2 scrolls of fog {unknown}
 U - a scroll of butterflies {unknown}
 W - a scroll of enchant armour {unknown}
Potions
 d - a potion of haste
 i - a potion of cancellation
 k - 5 potions of might
 l - 15 potions of curing
 n - 2 potions of magic {unknown}
 o - 3 potions of lignification
 z - a potion of ambrosia
 E - 2 potions of brilliance
 H - 2 potions of flight
 O - 3 potions of heal wounds
 P - 2 potions of resistance
 S - a potion of experience {unknown}
 Y - a potion of invisibility {unknown}


   Skills:
 + Level 11.2 Fighting
 - Level 14.0 Ranged Weapons
 * Level 16.0 Dodging
 - Level 4.0 Stealth
 - Level 3.0 Spellcasting
 - Level 6.0 Translocations
 - Level 2.0 Transmutations


You had 15 spell levels left.
You knew the following spells:

 Your Spells              Type           Power      Damage    Failure   Level
b - Blink                 Tloc           28%        N/A       3%          2
c - Passwall              Tmut/Erth      2%         N/A       26%         2

Your spell library contained the following spells:

 Spells                   Type           Power      Damage    Failure   Level
 Apportation              Tloc           28%        N/A       2%          1
 Sting                    Tmut/Pois      12%        1d3       17%         1
 Wereblood                Tmut           6%         N/A       17%         2
 Manifold Assault         Tloc           14%        N/A       22%         4
 Passage of Golubria      Tloc           14%        N/A       22%         4
 Kiss of Death            Conj/Necr      4%         2d5       26%         1
 Magic Dart               Conj           4%         1d3       26%         1
 Necrotise                Necr           4%         1d4       26%         1
 Sandblast                Erth           2%         2d4       26%         1
 Summon Small Mammal      Summ           4%         N/A       26%         1
 Kindle Blastsparks       Fire/Tloc/Air  12%        2d11      34%         3
 Ensorcelled Hibernation  Hex/Ice        2%         N/A       36%         2
 Poisonous Vapours        Pois/Air       2%         N/A       36%         2
 Searing Ray              Conj           2%         2d4       36%         2
 Sublimation of Blood     Necr           1%         N/A       36%         2
 Spider Form              Tmut/Pois      3%         N/A       45%         3
 Iskenderun's Mystic Bla  Conj/Tloc      8%         2d4       58%         4
 Confusing Touch          Hex            1%         N/A       61%         3
 Stone Arrow              Conj/Erth      2%         3d7       61%         3
 Tukima's Dance           Hex            1%         N/A       61%         3
 Anguish                  Hex/Necr       0%         N/A       95%         4
 Animate Armour           Summ/Erth      2%         N/A       95%         4
 Animate Dead             Necr           1%         N/A       95%         4
 Cause Fear               Hex            0%         N/A       95%         4
 Dispel Undead            Necr           1%         3d6       95%         4
 Fulminant Prism          Conj/Hex       0%         3d5       95%         4
 Olgreb's Toxic Radiance  Pois           1%         N/A       95%         4
 Yara's Violent Unravell  Hex/Tmut       1%         3d3       99%         5
 Borgnjor's Vile Clutch   Necr/Erth      0%         N/A       100%        5
 Iskenderun's Battlesphe  Conj           1%         2d6       100%        5
 Lee's Rapid Deconstruct  Erth           0%         3d4*      100%        5
 Death Channel            Necr           0%         N/A       100%        6
 Iron Shot                Conj/Erth      0%         9d1       100%        6
 Dragon Form              Tmut           3%         N/A       100%        7
 Enfeeble                 Hex            0%         N/A       100%        7
 Spellforged Servitor     Conj/Summ      0%         N/A       100%        7
 Storm Form               Tmut/Air       1%         N/A       100%        7
 Summon Hydra             Summ           0%         N/A       100%        7
 Lehudib's Crystal Spear  Conj/Erth      0%         10d2      100%        8
 Dragon's Call            Summ           0%         N/A       100%        9


Dungeon Overview and Level Annotations

Branches:
Dungeon (11/15)            Temple (1/1) D:4            Lair (5/5) D:8
 Shoals (1/4) Lair:2       Spider (2/4) Lair:2        Slime (0/5) Lair:4
    Orc: D:9-12

Shops:
D:4 :   D:6 *   D:7 :   D:8 !(=:

Annotations:
D:7 1 runed translucent door, exclusion: door, Crazy Yiuf
Spider:1 wasps in closed chamber, no treasure.


Innate Abilities, Weirdness & Mutations

You have an increased reservoir of magic. (+10% MP)
You shall have no god before yourself.
Your divine heritage dramatically boosts your attributes as you level up.


Message History

The sling bullet barely misses the tentacle.
The kraken squirts a massive cloud of ink into the water!
The tentacle misses you. The tentacle completely misses you.
The tentacle slaps you.
Fire: a) +10 sling "Gustil" {flame, rElec rPois}
Press: ? - help, Q - select action, (/) - cycle Shift-Dir - straight line, f - kraken, p - tentacle
Aim: a kraken (ink, water, severely wounded, 98% to hit)
You shoot a sling bullet. The sling bullet hits the tentacle!
The sling bullet burns the tentacle.
The tentacle is moderately wounded.
The tentacle barely misses you. The tentacle slaps you!!
Fire: a) +10 sling "Gustil" {flame, rElec rPois}
Press: ? - help, Q - select action, (/) - cycle Shift-Dir - straight line, f/p - kraken
Aim: a kraken (ink, water, severely wounded, 98% to hit)
You shoot a sling bullet. The sling bullet hits the tentacle!
The sling bullet burns the tentacle.
The tentacle is heavily wounded.
The tentacle slaps you!
* * * LOW HITPOINT WARNING * * *
The tentacle slaps you but does no damage.
Fire: a) +10 sling "Gustil" {flame, rElec rPois}
Press: ? - help, Q - select action, (/) - cycle Shift-Dir - straight line, f/p - kraken
Aim: a kraken (ink, water, almost dead, 98% to hit)
You shoot a sling bullet. The sling bullet hits the tentacle!
The sling bullet burns the tentacle.
The tentacle is severely wounded.
The tentacle slaps you!!
* * * LOW HITPOINT WARNING * * *
The tentacle closely misses you. The tentacle barely misses you.
Fire: a) +10 sling "Gustil" {flame, rElec rPois}
Press: ? - help, Q - select action, (/) - cycle Shift-Dir - straight line, f/p - kraken
Aim: a kraken (ink, water, almost dead, 98% to hit)
You shoot a sling bullet. The sling bullet hits the tentacle!
The sling bullet burns the tentacle.
You kill the tentacle!
The tentacle slaps you but does no damage.
The tentacle misses you. The tentacle completely misses you.
The kraken squirts a massive cloud of ink into the water!
The tentacle misses you. The tentacle slaps you!!
You die...

~~~.....~~~.........~~~≈≈≈≈
~~.....~~≈≈~.....~~~~~≈≈≈≈≈
..)~~...~≈≈≈~)..~~~~≈≈≈≈≈≈≈
....~~~~≈≈≈≈≈~~.§~~§≈≈≈≈≈≈≈
.....~≈≈≈≈≈≈~~§~§§§≈≈≈≈≈≈≈≈
....~~≈≈≈≈~~§§§§§§§≈≈≈≈≈≈≈≈
~...≈~≈≈≈......§§§§≈≈≈≈≈≈≈≈
~~~≈≈≈≈≈~......§§w§≈≈≈≈≈
≈≈≈≈~≈≈~≈.....§§@§X§≈≈≈≈
≈≈≈≈~....###...~ww§≈≈≈≈≈
P≈≈≈≈..### ##...~§§X≈≈≈≈
≈≈≈≈~....######[.§§≈≈≈≈≈
≈≈≈~.....)..# ##.~~≈≈≈≈≈
PPPPP.~.....# #.~~≈≈≈≈≈
~.PP.P..##### #.~~≈≈≈≈≈
....P~..# #.~~≈≈≈≈≈
P..~~~..# #..~~≈≈≈≈


You could see a kraken and 3 tentacles.

Vanquished Creatures
  Donald (Spider:2)
  A ghost moth (Spider:2)
  An entropy weaver (Spider:1)
  A merfolk impaler (Shoals:1)
  2 hydras
  3 catoblepae (Lair:5)
  2 two-headed ogres
  4 death yaks (Lair:5)
  A merfolk aquamancer (Shoals:1)
  A pharaoh ant (Spider:1)
  2 steelbarb worms
  3 orb spiders
  A lindwurm (Lair:3)
  10 harpies (Lair:2)
  A necromancer (Spider:1)
  7 wolf spiders
  6 wolf spider zombies (Spider:1)
  A cyclops (D:9)
  3 manticores
  An oklob plant (Lair:5)
  A merfolk siren (Shoals:1)
  19 elephants
  2 cane toads
  A water nymph (Shoals:1)
  A black mamba (Lair:5)
  4 demonic crawlers (Spider:2)
  5 torpor snails
  Maggie (D:8)
  4 kobold demonologists (D:10)
  3 rime drakes
  4 redback zombies (Spider:1)
  10 komodo dragons
  12 merfolk (Shoals:1)
  5 tarantellas
  18 blink frogs
  A polar bear (Lair:3)
  3 snapping turtles (Shoals:1)
  9 culicivora zombies (Spider:1)
  7 tarantella zombies (Spider:1)
  12 jumping spiders
  5 dream sheep (Lair:5)
  6 wyverns
  A shadow (D:10)
  4 culicivoras
  A vampire (D:10)
  48 yaks
  2 water elementals (Shoals:1)
  Eustachio (D:6)
  2 steam dragons
  A basilisk (Lair:5)
  16 redbacks
  Menkaure (D:5)
  An acid dragon (D:8)
  9 water moccasins
  A sky beast (D:7)
  4 black bears
  2 orc warriors
  2 ogres
  8 wolves
  3 centaurs
  3 phantoms
  4 kobold brigands
  16 bullfrogs
  4 scorpions
  A necrophage (D:6)
  14 killer bees
  5 howler monkeys
  2 hounds
  5 jellies (Lair:4)
  5 orc priests
  2 gnoll boudas
  Jessica (D:2)
  Natasha (thrice) (D:2)
  4 iguanas
  8 orc wizards
  Robin (D:4)
  11 adders
  17 gnolls
  2 shadow imps
  2 white imps (D:6)
  An ufetubus (D:6)
  2 worms
  2 dart slugs (D:4)
  29 orcs
  9 ball pythons
  5 endoplasms
  7 giant cockroaches
  21 goblins
  9 hobgoblins
  6 jackals
  29 kobolds
  4 quokkas
  7 bats
  3 frilled lizards
  4 rats
  2 tentacles (Shoals:1)
542 creatures vanquished.

Vanquished Creatures (others)
  16 fungi
  52 plants
  15 tentacles (Shoals:1)
83 creatures vanquished.

Grand Total: 625 creatures vanquished

Notes
Turn   | Place    | Note
-------+----------+-------------------------------------------
     0 | D:1      | avis the Demigod Hunter began the quest for the Orb.
     0 | D:1      | Reached XP level 1. HP: 17/17 MP: 3/3
   154 | D:1      | Reached XP level 2. HP: 21/24 MP: 4/4
   184 | D:1      | Reached skill level 2 in Dodging
   188 | D:1      | Reached skill level 1 in Stealth
   921 | D:2      | Reached XP level 3. HP: 28/29 MP: 5/5
   935 | D:2      | Reached skill level 1 in Spellcasting
   961 | D:2      | Noticed Jessica
   962 | D:2      | Killed Jessica
   963 | D:2      | Reached skill level 1 in Translocations
   987 | D:2      | Learned a level 2 spell: Blink
  1059 | D:2      | Noticed Natasha
  1062 | D:2      | Killed Natasha
  1063 | D:2      | Reached XP level 4. HP: 26/38 MP: 8/8
  1176 | D:2      | Noticed Natasha
  1189 | D:2      | Killed Natasha
  1198 | D:2      | Noticed Natasha
  1203 | D:2      | Killed Natasha
  1440 | D:2      | Reached XP level 5. HP: 18/45 MP: 9/9
  1443 | D:2      | HP: 1/45 [orc/+0 flail (7)]
  2262 | D:4      | Reached skill level 5 in Ranged Weapons
  2339 | D:4      | Found a staircase to the Ecumenical Temple.
  2390 | D:4      | Noticed an ogre
  2400 | D:4      | Killed an ogre
  2401 | D:4      | Reached XP level 6. HP: 51/51 MP: 5/10
  2495 | D:4      | Reached skill level 3 in Dodging
  3004 | D:4      | Found Raduul's Tremendous Tomes.
  3423 | D:4      | Reached skill level 4 in Dodging
  3504 | D:4      | Noticed Robin
  3612 | D:4      | Killed Robin
  3813 | D:5      | Entered Level 5 of the Dungeon
  3943 | D:5      | Reached XP level 7. HP: 50/57 MP: 11/11
  4090 | D:5      | Noticed Menkaure
  4095 | D:5      | Killed Menkaure
  4096 | D:5      | Reached skill level 5 in Dodging
  4287 | Temple   | Entered the Ecumenical Temple
  4416 | D:5      | Reached skill level 6 in Dodging
  5034 | D:5      | Reached XP level 8. HP: 63/63 MP: 14/14
  5355 | D:6      | Found Jumoud's Assorted Antiques.
  5384 | D:6      | Bought a slimy sling for 169 gold pieces
  5384 | D:6      | Identified the +10 sling "Gustil" {flame, rElec rPois} (You
                  | bought it in a shop on level 6 of the Dungeon)
  5806 | D:6      | Noticed Eustachio
  5825 | D:6      | Killed Eustachio
  6239 | D:7      | Reached skill level 7 in Dodging
  6412 | D:7      | Reached XP level 9. HP: 58/71 MP: 15/15
  6532 | D:7      | Found Bopt's Book Boutique.
  6794 | D:7      | Found Nuwyus's Needful Niceties.
  6878 | D:7      | Found a runed translucent door.
  6879 | D:7      | Noticed Crazy Yiuf
  7384 | D:8      | Found Foluwieq's Book Emporium.
  7551 | D:7      | Reached skill level 8 in Dodging
  7661 | D:8      | Reached skill level 5 in Fighting
  7796 | D:8      | Found Akutaergh's Distillery.
  7796 | D:8      | Found Bim Ugh's Weapon Boutique.
  7798 | D:8      | Found Ulemappe's Jewellery Emporium.
  7909 | D:8      | Noticed Maggie
  7918 | D:8      | Noticed a two-headed ogre
  7928 | D:8      | Killed a two-headed ogre
  8012 | D:8      | Reached XP level 10. HP: 81/81 MP: 17/17
  8170 | D:8      | Found a staircase to the Lair.
  8278 | D:8      | Noticed a +0 dagger
  8279 | D:8      | Noticed a +0 short sword
  8279 | D:8      | Noticed a +0 spear
  8279 | D:8      | Noticed a +0 dagger
  8279 | D:8      | Noticed a +0 falchion
  8280 | D:8      | Noticed a +0 spear
  8281 | D:8      | Noticed a +0 short sword
  8281 | D:8      | Noticed a +0 falchion
  8438 | D:8      | Killed Maggie
  8439 | D:8      | Reached skill level 9 in Dodging
  8483 | Lair:1   | Entered Level 1 of the Lair of Beasts
  9228 | Lair:1   | Reached skill level 10 in Ranged Weapons
  9228 | Lair:1   | Reached skill level 10 in Dodging
  9905 | Lair:2   | Found a hole to the Spider Nest.
  9948 | Lair:2   | Found a staircase to the Shoals.
  9948 | Lair:2   | Noticed a harpy
  9950 | Lair:2   | Noticed a harpy
  9956 | Lair:2   | Killed a harpy
  9964 | Lair:2   | Killed a harpy
  9965 | Lair:2   | Reached XP level 11. HP: 39/91 MP: 19/19
 10246 | Lair:2   | Identified the +2 rapier of Brawling {freeze, Dex+4}
 11433 | Lair:3   | Noticed a lindwurm
 11441 | Lair:3   | Killed a lindwurm
 11442 | Lair:3   | Reached skill level 11 in Dodging
 12494 | Lair:4   | Reached XP level 12. HP: 55/101 MP: 20/20
 12828 | Lair:3   | Reached skill level 12 in Dodging
 13250 | Lair:4   | Found a staircase to the Slime Pits.
 13454 | D:8      | Bought the ring "Ijeakh" {Will+ MP+9 Dex+3 Slay+2} for 662
                  | gold pieces
 13569 | Lair:4   | Noticed a seven-headed hydra
 13574 | Lair:4   | Killed a seven-headed hydra
 13575 | Lair:4   | Reached skill level 5 in Translocations
 13940 | Lair:5   | Entered Level 5 of the Lair of Beasts
 13961 | Lair:5   | Noticed a five-headed hydra
 13966 | Lair:5   | Killed a five-headed hydra
 14449 | Lair:5   | Noticed a catoblepas
 14464 | Lair:5   | Killed a catoblepas
 14646 | Lair:5   | Reached skill level 13 in Dodging
 14657 | Lair:5   | Reached XP level 13. HP: 99/110 MP: 21/21
 14931 | Lair:5   | Identified the +2 robe "Niposeut" {rPois rN+ Int-5}
 15059 | Lair:5   | Identified the +5 trident of a Million Cities {protect,
                  | rCorr Str+5 Int+2}
 15739 | Spider:1 | Entered Level 1 of the Spider Nest
 16312 | Spider:1 | Reached skill level 14 in Dodging
 17288 | Spider:2 | Reached skill level 10 in Fighting
 17908 | Spider:1 | Noticed Donald
 18084 | Spider:2 | Killed a ghost moth
 18085 | Spider:2 | Reached XP level 14. HP: 54/121 MP: 0/22
 18622 | Spider:2 | Killed Donald
 18623 | Spider:2 | Reached skill level 15 in Dodging
 19125 | Spider:1 | Learned a level 2 spell: Passwall
 19810 | D:9      | Reached skill level 1 in Transmutations
 19930 | D:8      | Bought 2 potions of curing for 72 gold pieces
 19930 | D:8      | Bought a potion of curing for 36 gold pieces
 19930 | D:8      | Bought a potion of curing for 36 gold pieces
 19930 | D:8      | Bought a potion of curing for 36 gold pieces
 19930 | D:8      | Bought a potion of curing for 36 gold pieces
 19996 | D:10     | Entered Level 10 of the Dungeon
 20458 | D:10     | You fall into a shaft and drop 1 floor!
 21158 | Shoals:1 | Entered Level 1 of the Shoals
 21967 | Shoals:1 | Reached skill level 16 in Dodging
 22196 | Shoals:1 | Noticed a kraken
 22234 | Shoals:1 | Slain by a tentacle

Illustrated notes

Levels and vault maps discovered:
D:1:      tarquinn_simple_flora_water_c, layout_loops_ring
D:2:      layout_rooms, uniq_jessica, uniq_natasha
D:3:      minmay_spotlight, layout_rooms, tso_altar
D:4:      kennysheep_goblin_castle, layout_layer_cave,
          minmay_temple_entry_stoned_glass, nicolae_shop_i_like_big_books
D:5:      layout_loops_ring, grunt_ministairs_9, saegor_snake_ambush,
          uniq_menkaure
D:6:      layout_basic, serial_shops, shop, uniq_eustachio
D:7:      layout_rooms, lemuel_round_altar, serial_shops, shop,
          nicolae_alphabet_shops, uniq_crazy_yiuf_cottage
D:8:      layout_cave_pools, nicolae_uskayaw_en_pointe, lair_entry_dummy,
          serial_shops, shop, nicolae_wooded_promenade, uniq_maggie
D:9:      layout_roguey, hellmonk_bongcloud_opening, minivault_25_ag
D:10:     layout_roguey, chequers_temple_overflow_minitemple,
          mainiacjoe_overflow_brackets, mainiacjoe_overflow_six_doors_small
D:11:     layout_loops_corners, kennysheep_orc_monster_closet_entryway,
          kennysheep_small_square
Temple:   nicolae_temple_ecumenical_triangle
Lair:1:   layout_regular_city, beast_lair_carwin_6, infiniplex_staircase_pool
Lair:2:   layout_cave_pods, nicolae_shoals_entry_roost, spider_nest_entry_webs
Lair:3:   layout_regular_city, kennysheep_snail_temple
Lair:4:   layout_concentric_octagons, nicolae_slime_entry_slimehenge,
          basic_altar
Lair:5:   evilmike_catoblepas_cave, layout_regular_city, lemuel_fruit_tree
Shoals:1: nicolae_shoals_aurelia_aurita, layout_shoals
Spider:1: lemuel_spider_zombies, spiders_nest_hornet_nest, uniq_donald
Spider:2: layout_spider_delve

Skill      XL: |  1  2  3  4  5  6  7  8  9 10 11 12 13 14 |
---------------+-------------------------------------------+-----
Fighting       | 2 3 4 5 6 7 8 10 11 | 11.2
Ranged Weapons | 4 6 7 8 10 11 13 14 | 14.0
Dodging        | 2 4 6 7 8 10 11 13 14 16 | 16.0
Stealth        | 2 3 4 |  4.0
Spellcasting   | 1 2 3 |  3.0
Translocations | 1 2 3 4 5 6 |  6.0
Transmutations | 2 |  2.0

Action                     |  1- 3 |  4- 6 |  7- 9 | 10-12 | 13-15 || total
---------------------------+-------+-------+-------+-------+-------++-------
  Melee: Dagger            |       |     3 |       |       |       ||     3
         Punch             |       |     1 |       |     1 |       ||     2
         Rapier            |       |       |       |    42 |       ||    42
   Fire: Shortbow          |   103 |   203 |   128 |       |       ||   434
         Sling             |       |       |   199 |   600 |   887 ||  1686
   Cast: Blink             |       |     5 |     3 |     2 |     1 ||    11
         Passwall          |       |       |       |       |     1 ||     1
  Evoke: Wand              |       |       |       |       |     2 ||     2
    Use: Potion            |       |       |     2 |       |     2 ||     4
         Scroll            |       |       |       |    10 |     1 ||    11
 Armour: Leather armour    |    16 |    30 |    38 |       |       ||    84
         Acid dragon scale |       |       |     2 |     1 |       ||     3
         Steam dragon scal |       |       |       |    48 |   122 ||   170
  Dodge: Dodged            |    54 |    87 |   131 |   282 |   971 ||  1525

Table legend: (Time is in decaauts)
 A = Elapsed time spent in this place.
 B = Non-inter-level travel time spent in this place.
 C = Inter-level travel time spent in this place.
 D = Time resting spent in this place.
 E = Time spent auto-exploring this place.
 F = Levels seen in this place.
 G = Mean time per level.
                   A        B        C        D        E       F      G
               +--------+--------+--------+--------+--------+-----+--------+
         Total |  22153 |  19406 |   2747 |   5427 |   7247 |  20 | 1107.7 |
       Dungeon |  10930 |   9155 |   1775 |   1763 |   4178 |  11 |  993.6 |
        Temple |     30 |     26 |      4 |      0 |      0 |   1 |   30.0 |
          Lair |   7646 |   6679 |    967 |   2014 |   3069 |   5 | 1529.2 |
        Shoals |    474 |    474 |      0 |    154 |      0 |   1 |  474.0 |
   Spider Nest |   3072 |   3072 |      0 |   1496 |      0 |   2 | 1536.0 |
               +--------+--------+--------+--------+--------+-----+--------+

Top non-repeatable levels by time:
  Lair:2: 2152 daAuts
     D:4: 1986 daAuts
Spider:2: 1804 daAuts
  Lair:3: 1704 daAuts
  Lair:5: 1541 daAuts
     D:8: 1453 daAuts
     D:5: 1303 daAuts
  Lair:1: 1279 daAuts
Spider:1: 1267 daAuts
     D:6: 1183 daAuts
     D:1: 983 daAuts
     D:7: 969 daAuts
  Lair:4: 968 daAuts
    D:10: 902 daAuts
     D:2: 743 daAuts
